[ AOE2 MATCH · #473555811 ]
UnrankedFranks vs Britons
[ REPLAY ANALYSIS · EXTRACTED FROM THE RECORDED GAME ]
Feudal
9:00
Castle
18:50
Imperial
—
| APM avg | 45.4 |
| APM peak | 87 |
| eAPM avg | 20.7 |
| Villagers / military | 58 / 82 |
Focus
⚔️ 31.3% · 🌾 68.7%
Knight ×74 · Scout Cavalry ×8
Feudal
9:26
Castle
18:10
Imperial
—
| APM avg | 28.1 |
| APM peak | 61 |
| eAPM avg | 14.2 |
| Villagers / military | 87 / 44 |
Focus
⚔️ 20.7% · 🌾 79.3%
Knight ×38 · Scout Cavalry ×5 · Monk ×1
Feudal
9:22
Castle
19:18
Imperial
—
| APM avg | 44.7 |
| APM peak | 71 |
| eAPM avg | 19.5 |
| Villagers / military | 69 / 61 |
Focus
⚔️ 45.7% · 🌾 54.3%
Archer ×54 · Spearman ×7
Feudal
11:02
Castle
23:50
Imperial
—
| APM avg | 30.4 |
| APM peak | 86 |
| eAPM avg | 11.9 |
| Villagers / military | 42 / 3 |
Focus
⚔️ 23.2% · 🌾 76.8%
Flemish Militia ×3
Feudal
9:27
Castle
22:05
Imperial
—
| APM avg | 20.2 |
| APM peak | 43 |
| eAPM avg | 11.6 |
| Villagers / military | 53 / 73 |
Focus
⚔️ 26.7% · 🌾 73.3%
Archer ×73
Feudal
10:59
Castle
14:54
Imperial
—
| APM avg | 48.5 |
| APM peak | 94 |
| eAPM avg | 15.2 |
| Villagers / military | 67 / 41 |
Focus
⚔️ 26.3% · 🌾 73.7%
Knight ×39 · Scout Cavalry ×2
Feudal
11:25
Castle
15:40
Imperial
—
| APM avg | 45.0 |
| APM peak | 76 |
| eAPM avg | 19.2 |
| Villagers / military | 88 / 0 |
Focus
⚔️ 41.4% · 🌾 58.6%
Unknown (2579) ×62 · Unknown (2550) ×3
Feudal
9:49
Castle
13:44
Imperial
—
| APM avg | 46.8 |
| APM peak | 90 |
| eAPM avg | 18.4 |
| Villagers / military | 65 / 33 |
Focus
⚔️ 22.2% · 🌾 77.8%
Mangudai ×25 · Scorpion ×8
Match map
Initial resources + every placement click. Lines = walls · curves = elevation contours. ◆ gold · ⬟ stone · ● berries · ✦ relic · ◌ wall gap
Your base· ✓ Closed at 18:50 · 3t walls · 4 gate(s)
belgawizard's base· ✓ Closed at 18:10 · 9t walls · 5 gate(s)
Epiphany's base· ✓ Closed at 19:18 · 2t walls · 4 gate(s)
wts's base· ✓ Closed at 23:50 · 32t walls · 4 gate(s)
[KT] The Best's base· ✓ Closed at 22:05 · 0t walls · 4 gate(s)
曾经沧海难为水's base· ✓ Closed at 14:54 · 0t walls · 4 gate(s)
LowEloTG's base· ✓ Closed at 15:40 · 15t walls · 4 gate(s)
oy's base· ✓ Closed at 13:44 · 0t walls · 4 gate(s)
Smoothed initial terrain · ◌ = detected wall gap · hover for details
Inputs per minute
— LB $ DONTLAMERPLS - - belgawizard
Build order — LB $ DONTLAMERPLS
First 150 of 225 actions detected
| 0:00 | Create | Villager (Male) |
| 0:01 | Create | Villager (Male) |
| 0:01 | Create | Villager (Male) |
| 0:01 | Create | Villager (Male) |
| 0:03 | Build | House |
| 0:04 | Build | House |
| 1:22 | Create | Villager (Male) |
| 1:22 | Create | Villager (Male) |
| 1:45 | Create | Villager (Male) |
| 2:01 | Create | Villager (Male) |
| 2:01 | Create | Villager (Male) |
| 2:06 | Build | Lumber Camp |
| 2:27 | Create | Villager (Male) |
| 2:27 | Create | Villager (Male) |
| 3:20 | Create | Villager (Male) |
| 3:29 | Create | Villager (Male) |
| 3:30 | Create | Villager (Male) |
| 3:41 | Create | Villager (Male) |
| 3:46 | Build | House |
| 3:47 | Build | House |
| 3:50 | Build | Palisade Wall |
| 4:19 | Build | Mill |
| 4:43 | Create | Villager (Male) |
| 5:02 | Create | Villager (Male) |
| 5:04 | Create | Villager (Male) |
| 5:27 | Create | Villager (Male) |
| 6:50 | Research | Feudal Age |
| 6:50 | Research | Loom |
| 7:26 | Build | Barracks |
| 9:00 | Age | Feudal Age |
| 9:06 | Create | Villager (Male) |
| 9:10 | Build | Stable |
| 9:31 | Create | Villager (Male) |
| 9:39 | Research | Double-Bit Axe |
| 9:48 | Create | Villager (Male) |
| 9:49 | Create | Scout Cavalry |
| 9:49 | Create | Scout Cavalry |
| 9:50 | Create | Scout Cavalry |
| 10:30 | Create | Scout Cavalry |
| 10:30 | Create | Scout Cavalry |
| 10:36 | Create | Villager (Male) |
| 10:36 | Create | Villager (Male) |
| 10:37 | Build | Farm |
| 10:38 | Build | Farm |
| 10:38 | Build | Farm |
| 10:38 | Build | Farm |
| 10:38 | Build | Farm |
| 10:38 | Build | Farm |
| 10:39 | Build | Farm |
| 10:45 | Build | House |
| 11:00 | Build | House |
| 11:04 | Build | Farm |
| 11:08 | Build | Farm |
| 11:09 | Build | Farm |
| 11:13 | Create | Villager (Male) |
| 11:18 | Build | House |
| 11:22 | Build | Blacksmith |
| 11:29 | Build | Farm |
| 11:31 | Create | Villager (Male) |
| 11:36 | Create | Villager (Male) |
| 11:51 | Create | Villager (Male) |
| 11:52 | Create | Villager (Male) |
| 11:53 | Create | Scout Cavalry |
| 11:54 | Create | Villager (Male) |
| 12:32 | Create | Scout Cavalry |
| 13:02 | Create | Villager (Male) |
| 13:05 | Create | Scout Cavalry |
| 13:07 | Create | Villager (Male) |
| 13:10 | Build | Farm |
| 13:10 | Build | Farm |
| 13:11 | Build | Farm |
| 13:11 | Build | Farm |
| 14:11 | Research | Wheelbarrow |
| 14:13 | Build | Mining Camp |
| 15:04 | Build | Farm |
| 16:07 | Research | Castle Age |
| 16:07 | Research | Castle Age |
| 16:07 | Research | Castle Age |
| 16:09 | Build | Stable |
| 16:57 | Build | Stable |
| 17:03 | Research | Gold Mining |
| 17:11 | Build | Farm |
| 17:15 | Research | Scale Barding Armor |
| 17:15 | Research | Scale Barding Armor |
| 17:18 | Research | Forging |
| 17:18 | Research | Forging |
| 17:26 | Build | Farm |
| 17:30 | Build | Lumber Camp |
| 17:34 | Build | House |
| 17:35 | Build | House |
| 17:36 | Build | House |
| 17:39 | Build | House |
| 17:39 | Build | House |
| 18:50 | Age | Castle Age |
| 18:53 | Create | Villager (Male) |
| 18:54 | Create | Villager (Male) |
| 18:57 | Research | Gold Shaft Mining |
| 18:57 | Research | Gold Shaft Mining |
| 18:58 | Create | Knight |
| 18:59 | Create | Knight |
| 18:59 | Create | Knight |
| 18:59 | Create | Knight |
| 19:03 | Build | Farm |
| 19:07 | Build | Farm |
| 19:16 | Create | Knight |
| 19:16 | Create | Knight |
| 19:24 | Create | Knight |
| 19:24 | Create | Knight |
| 19:24 | Create | Knight |
| 19:25 | Create | Knight |
| 19:54 | Create | Knight |
| 20:07 | Create | Knight |
| 20:07 | Create | Knight |
| 20:08 | Create | Villager (Male) |
| 20:09 | Create | Villager (Male) |
| 20:09 | Create | Villager (Male) |
| 20:26 | Create | Knight |
| 20:27 | Create | Knight |
| 20:39 | Create | Knight |
| 20:40 | Create | Villager (Male) |
| 20:41 | Create | Villager (Male) |
| 21:19 | Research | Chain Barding Armor |
| 21:38 | Create | Knight |
| 21:38 | Create | Knight |
| 21:56 | Create | Knight |
| 21:57 | Create | Knight |
| 22:15 | Create | Knight |
| 22:16 | Create | Knight |
| 22:40 | Create | Knight |
| 22:41 | Create | Knight |
| 22:43 | Create | Villager (Male) |
| 22:43 | Create | Villager (Male) |
| 22:43 | Create | Villager (Male) |
| 22:43 | Create | Villager (Male) |
| 23:28 | Create | Knight |
| 23:28 | Create | Knight |
| 23:38 | Research | Iron Casting |
| 23:38 | Research | Iron Casting |
| 23:44 | Build | House |
| 23:45 | Build | House |
| 23:45 | Build | House |
| 23:46 | Build | House |
| 23:48 | Create | Knight |
| 23:48 | Create | Knight |
| 24:21 | Create | Knight |
| 24:21 | Create | Knight |
| 24:21 | Create | Knight |
| 24:21 | Create | Knight |
| 24:23 | Create | Villager (Male) |
| 24:23 | Create | Villager (Male) |
Build order — belgawizard
First 150 of 197 actions detected
| 0:07 | Build | House |
| 0:08 | Create | Villager (Male) ×4 |
| 0:12 | Build | House |
| 1:42 | Create | Villager (Male) |
| 2:03 | Build | Lumber Camp |
| 2:08 | Create | Villager (Male) |
| 2:08 | Create | Villager (Male) |
| 2:09 | Create | Villager (Male) |
| 2:25 | Build | House |
| 2:28 | Create | Villager (Male) |
| 2:28 | Create | Villager (Male) |
| 2:28 | Create | Villager (Male) |
| 2:57 | Create | Villager (Male) |
| 2:57 | Create | Villager (Male) |
| 3:21 | Create | Villager (Male) |
| 3:49 | Create | Villager (Male) |
| 3:50 | Create | Villager (Male) |
| 4:12 | Create | Villager (Male) |
| 4:25 | Build | Mill |
| 4:37 | Create | Villager (Male) |
| 4:37 | Create | Villager (Male) |
| 5:25 | Create | Villager (Male) |
| 5:32 | Build | House |
| 5:41 | Create | Villager (Male) |
| 5:41 | Create | Villager (Male) |
| 5:55 | Research | Loom |
| 6:34 | Build | Barracks |
| 7:16 | Research | Feudal Age |
| 7:16 | Research | Feudal Age |
| 7:56 | Build | House |
| 8:03 | Build | Palisade Wall |
| 8:05 | Build | Palisade Wall |
| 8:09 | Build | Palisade Gate |
| 8:26 | Create | Villager (Male) |
| 8:26 | Create | Villager (Male) |
| 8:45 | Build | House |
| 9:26 | Age | Feudal Age |
| 9:28 | Build | Stable |
| 9:32 | Research | Horse Collar |
| 9:37 | Research | Double-Bit Axe |
| 9:37 | Research | Double-Bit Axe |
| 9:37 | Research | Double-Bit Axe |
| 9:47 | Create | Villager (Male) |
| 10:03 | Build | Farm |
| 10:04 | Build | Farm |
| 10:15 | Create | Scout Cavalry ×3 |
| 10:35 | Build | Farm |
| 10:36 | Build | Farm |
| 10:39 | Create | Villager (Male) |
| 10:39 | Create | Villager (Male) |
| 10:51 | Build | Farm |
| 11:05 | Create | Scout Cavalry |
| 11:25 | Create | Villager (Male) |
| 11:31 | Build | Farm |
| 11:41 | Create | Scout Cavalry |
| 11:46 | Create | Villager (Male) |
| 11:50 | Build | Farm |
| 11:51 | Build | Farm |
| 12:16 | Create | Villager (Male) |
| 12:28 | Build | Farm |
| 12:32 | Build | Farm |
| 12:33 | Create | Villager (Male) |
| 12:53 | Create | Villager (Male) |
| 13:04 | Build | Mining Camp |
| 13:11 | Create | Villager (Male) |
| 13:16 | Build | Farm |
| 13:17 | Build | Farm |
| 13:25 | Build | Farm |
| 13:27 | Research | Wheelbarrow |
| 14:02 | Build | Blacksmith |
| 14:55 | Build | Stable |
| 15:30 | Research | Castle Age |
| 15:31 | Research | Castle Age |
| 15:31 | Research | Castle Age |
| 16:08 | Research | Gold Mining |
| 16:16 | Build | House |
| 16:19 | Build | House |
| 16:20 | Build | House |
| 16:22 | Build | House |
| 16:23 | Build | House |
| 16:24 | Build | House |
| 16:53 | Research | Bloodlines |
| 16:54 | Research | Bloodlines |
| 17:09 | Build | Farm |
| 17:43 | Build | House |
| 17:44 | Build | House |
| 17:50 | Research | Town Watch |
| 17:51 | Create | Villager (Male) |
| 17:51 | Create | Villager (Male) |
| 18:10 | Age | Castle Age |
| 18:18 | Build | Town Center |
| 18:22 | Research | Bow Saw |
| 18:28 | Build | Lumber Camp |
| 18:30 | Research | Husbandry |
| 18:31 | Create | Knight |
| 18:31 | Create | Knight |
| 18:33 | Research | Scale Barding Armor |
| 18:33 | Research | Scale Barding Armor |
| 18:41 | Research | Heavy Plow |
| 19:12 | Create | Knight |
| 19:12 | Create | Knight |
| 19:15 | Create | Villager (Male) |
| 19:42 | Create | Knight |
| 19:42 | Create | Knight |
| 19:43 | Create | Villager (Male) |
| 20:00 | Build | Town Center |
| 20:08 | Create | Knight |
| 20:08 | Create | Knight |
| 20:13 | Build | Farm |
| 20:13 | Build | Farm |
| 20:14 | Build | Farm |
| 20:14 | Build | Farm |
| 20:19 | Create | Villager (Male) ×2 |
| 20:41 | Create | Villager (Male) |
| 20:53 | Create | Villager (Male) ×2 |
| 21:03 | Create | Knight |
| 21:03 | Create | Knight |
| 21:21 | Build | Farm |
| 21:33 | Create | Knight |
| 21:33 | Create | Knight |
| 21:35 | Create | Villager (Male) |
| 21:48 | Create | Villager (Male) ×2 |
| 21:53 | Build | Farm |
| 22:09 | Create | Knight |
| 22:10 | Create | Knight |
| 22:12 | Create | Villager (Male) ×2 |
| 22:20 | Build | House |
| 22:20 | Build | House |
| 22:28 | Build | Farm |
| 22:30 | Create | Villager (Male) ×2 |
| 22:55 | Create | Villager (Male) ×5 |
| 23:20 | Create | Villager (Male) ×4 |
| 23:30 | Build | Mining Camp |
| 23:32 | Research | Stone Mining |
| 23:36 | Create | Villager (Male) ×2 |
| 23:53 | Build | Farm |
| 23:54 | Build | Farm |
| 23:55 | Build | Farm |
| 23:57 | Build | Farm |
| 24:02 | Create | Villager (Male) ×5 |
| 24:07 | Create | Knight |
| 24:26 | Build | Farm |
| 24:27 | Build | Farm |
| 24:29 | Build | Farm |
| 24:31 | Build | Farm |
| 24:34 | Create | Villager (Male) ×5 |
| 24:42 | Build | House |
| 24:58 | Create | Knight ×3 |
| 25:15 | Research | Chain Barding Armor |
| 25:15 | Research | Chain Barding Armor |
Build order — Epiphany
First 150 of 197 actions detected
| 0:01 | Create | Villager (Male) |
| 0:03 | Create | Villager (Male) |
| 0:03 | Create | Villager (Male) |
| 0:03 | Create | Villager (Male) |
| 0:04 | Build | House |
| 0:05 | Build | House |
| 1:39 | Create | Villager (Male) |
| 2:10 | Build | Lumber Camp |
| 2:12 | Create | Villager (Male) |
| 2:13 | Create | Villager (Male) |
| 2:13 | Create | Villager (Male) |
| 3:00 | Create | Villager (Male) |
| 3:01 | Create | Villager (Male) |
| 3:26 | Create | Villager (Male) |
| 3:27 | Create | Villager (Male) |
| 3:33 | Build | House |
| 4:11 | Build | Mill |
| 4:39 | Create | Villager (Male) |
| 4:39 | Create | Villager (Male) |
| 4:55 | Create | Villager (Male) |
| 5:50 | Create | Villager (Male) |
| 5:59 | Create | Villager (Male) |
| 6:43 | Research | Loom |
| 7:07 | Research | Feudal Age |
| 7:58 | Build | Barracks |
| 8:14 | Build | House |
| 8:42 | Build | Mining Camp |
| 8:58 | Create | Villager (Male) |
| 9:07 | Build | House |
| 9:22 | Age | Feudal Age |
| 9:27 | Create | Villager (Male) |
| 9:39 | Build | Archery Range |
| 9:52 | Create | Villager (Male) |
| 9:53 | Create | Villager (Male) |
| 9:59 | Research | Double-Bit Axe |
| 10:02 | Research | Horse Collar |
| 10:04 | Build | Farm |
| 10:05 | Build | Farm |
| 10:40 | Build | Farm |
| 10:43 | Build | Farm |
| 10:45 | Create | Archer |
| 10:45 | Create | Archer |
| 11:01 | Create | Villager (Male) |
| 11:04 | Build | Farm |
| 11:21 | Create | Spearman |
| 11:33 | Create | Villager (Male) |
| 11:43 | Build | House |
| 11:44 | Build | House |
| 12:07 | Create | Villager (Male) |
| 12:27 | Create | Spearman |
| 12:32 | Create | Archer |
| 12:32 | Create | Archer |
| 12:32 | Create | Archer |
| 12:33 | Create | Villager (Male) |
| 12:37 | Build | Farm |
| 13:00 | Create | Villager (Male) |
| 13:00 | Create | Villager (Male) |
| 13:04 | Build | Farm |
| 13:19 | Create | Spearman |
| 13:22 | Create | Archer |
| 13:22 | Create | Archer |
| 13:25 | Create | Villager (Male) |
| 13:33 | Build | Farm |
| 13:34 | Create | Villager (Male) |
| 13:37 | Create | Archer |
| 13:43 | Build | Blacksmith |
| 13:46 | Build | House |
| 14:00 | Create | Villager (Male) |
| 14:07 | Create | Archer |
| 14:40 | Create | Villager (Male) |
| 14:43 | Build | Market |
| 14:50 | Create | Villager (Male) |
| 14:51 | Build | Farm |
| 14:57 | Create | Villager (Male) |
| 15:01 | Create | Archer |
| 15:08 | Create | Archer |
| 15:17 | Build | Farm |
| 15:42 | Create | Spearman |
| 15:43 | Create | Villager (Male) |
| 15:44 | Create | Archer |
| 15:45 | Create | Archer |
| 16:02 | Research | Town Watch |
| 16:05 | Build | House |
| 16:06 | Build | House |
| 16:07 | Build | House |
| 16:22 | Build | House |
| 16:23 | Build | House |
| 16:24 | Build | House |
| 16:24 | Build | House |
| 16:39 | Research | Castle Age |
| 16:59 | Create | Archer |
| 17:11 | Build | Palisade Wall |
| 17:13 | Build | Palisade Wall |
| 17:23 | Create | Villager (Male) |
| 17:23 | Create | Villager (Male) |
| 17:34 | Create | Archer |
| 17:42 | Build | Archery Range |
| 17:45 | Create | Villager (Male) |
| 17:46 | Research | Gold Mining |
| 18:19 | Research | Fletching |
| 18:19 | Research | Padded Archer Armor |
| 18:19 | Research | Padded Archer Armor |
| 18:23 | Build | House |
| 18:26 | Create | Villager (Male) |
| 18:50 | Create | Villager (Male) |
| 19:01 | Create | Villager (Male) |
| 19:04 | Build | Farm |
| 19:07 | Create | Archer |
| 19:07 | Create | Archer |
| 19:08 | Create | Archer |
| 19:08 | Create | Archer |
| 19:08 | Create | Archer |
| 19:08 | Create | Archer |
| 19:13 | Create | Archer |
| 19:18 | Age | Castle Age |
| 19:25 | Build | Town Center |
| 19:32 | Research | Bow Saw |
| 19:34 | Create | Villager (Male) |
| 19:39 | Research | Crossbowman (upgrade) |
| 19:42 | Research | Bodkin Arrow |
| 19:42 | Research | Bodkin Arrow |
| 20:00 | Create | Villager (Male) |
| 20:08 | Create | Archer |
| 20:09 | Create | Archer |
| 20:25 | Create | Archer |
| 20:25 | Create | Archer |
| 20:32 | Research | Wheelbarrow |
| 20:33 | Research | Wheelbarrow |
| 20:35 | Create | Villager (Male) |
| 20:43 | Research | Stone Mining |
| 20:44 | Create | Villager (Male) |
| 20:49 | Create | Villager (Male) |
| 21:00 | Create | Archer |
| 21:13 | Create | Villager (Male) |
| 21:53 | Create | Archer |
| 21:53 | Create | Archer |
| 21:56 | Create | Villager (Male) |
| 21:57 | Create | Villager (Male) |
| 22:02 | Build | University |
| 22:14 | Create | Villager (Male) |
| 22:28 | Create | Villager (Male) |
| 22:30 | Research | Gold Shaft Mining |
| 22:31 | Create | Villager (Male) |
| 22:33 | Create | Archer |
| 22:33 | Create | Archer |
| 22:33 | Create | Archer |
| 22:51 | Create | Villager (Male) |
| 22:55 | Create | Archer |
| 22:57 | Create | Villager (Male) |
| 23:03 | Build | Town Center |
Build order — wts
110 actions detected in the replay
| 0:03 | Build | House |
| 0:05 | Build | House |
| 0:11 | Create | Villager (Male) |
| 0:11 | Create | Villager (Male) |
| 0:11 | Create | Villager (Male) |
| 0:11 | Create | Villager (Male) |
| 0:12 | Create | Villager (Male) |
| 0:12 | Create | Villager (Male) |
| 1:58 | Create | Villager (Male) |
| 2:24 | Create | Villager (Male) |
| 2:24 | Create | Villager (Male) |
| 2:48 | Create | Villager (Male) |
| 2:49 | Create | Villager (Male) |
| 3:06 | Create | Villager (Male) |
| 3:20 | Build | Lumber Camp |
| 3:45 | Create | Villager (Male) |
| 3:45 | Create | Villager (Male) |
| 3:51 | Build | House |
| 4:21 | Create | Villager (Male) |
| 4:33 | Create | Villager (Male) |
| 4:41 | Build | House |
| 5:27 | Create | Villager (Male) |
| 5:37 | Create | Villager (Male) |
| 5:44 | Create | Villager (Male) |
| 6:13 | Create | Villager (Male) |
| 7:22 | Create | Villager (Male) |
| 7:26 | Build | Mill |
| 7:45 | Create | Villager (Male) |
| 7:56 | Create | Villager (Male) |
| 8:06 | Build | Mill |
| 8:16 | Research | Loom |
| 8:52 | Research | Feudal Age |
| 8:52 | Research | Feudal Age |
| 9:53 | Build | Barracks |
| 10:46 | Research | Horse Collar |
| 10:48 | Research | Double-Bit Axe |
| 10:57 | Build | Palisade Wall |
| 10:59 | Build | Palisade Wall |
| 11:00 | Build | Palisade Wall |
| 11:01 | Build | Palisade Wall |
| 11:02 | Build | Palisade Wall |
| 11:02 | Age | Feudal Age |
| 11:13 | Build | Palisade Wall |
| 11:18 | Create | Flemish Militia |
| 11:18 | Create | Flemish Militia |
| 11:28 | Build | Mining Camp |
| 11:36 | Create | Villager (Male) |
| 11:36 | Create | Villager (Male) |
| 11:42 | Build | House |
| 11:50 | Build | House |
| 11:59 | Research | Heavy Plow |
| 12:20 | Build | House |
| 12:22 | Create | Villager (Male) |
| 12:33 | Build | House |
| 12:45 | Build | Lumber Camp |
| 12:57 | Create | Villager (Male) |
| 13:23 | Create | Flemish Militia |
| 13:45 | Create | Villager (Male) |
| 14:07 | Build | Farm |
| 14:07 | Build | Farm |
| 14:07 | Build | Farm |
| 14:23 | Build | Farm |
| 14:23 | Build | Farm |
| 14:33 | Create | Villager (Male) |
| 14:33 | Create | Villager (Male) |
| 14:40 | Build | House |
| 15:01 | Build | Market |
| 15:11 | Build | Farm |
| 15:25 | Build | Palisade Wall |
| 15:29 | Create | Villager (Male) |
| 15:29 | Create | Villager (Male) |
| 15:49 | Build | Farm |
| 16:04 | Build | Farm |
| 16:20 | Build | Farm |
| 16:20 | Build | Farm |
| 16:25 | Create | Villager (Male) |
| 16:26 | Create | Villager (Male) |
| 16:37 | Build | House |
| 16:41 | Build | House |
| 17:09 | Build | Watch Tower |
| 17:25 | Build | Blacksmith |
| 17:40 | Create | Villager (Male) |
| 18:00 | Build | Palisade Wall |
| 18:04 | Create | Villager (Male) |
| 18:21 | Create | Villager (Male) |
| 18:46 | Create | Villager (Male) |
| 19:03 | Create | Villager (Male) |
| 19:07 | Build | Archery Range |
| 19:30 | Build | Farm |
| 19:30 | Build | Farm |
| 19:30 | Build | Farm |
| 19:30 | Build | Farm |
| 19:30 | Build | Farm |
| 19:46 | Create | Villager (Male) |
| 19:55 | Build | Farm |
| 19:55 | Build | Farm |
| 19:55 | Build | Farm |
| 19:56 | Build | Farm |
| 20:13 | Build | Farm |
| 20:14 | Build | Farm |
| 20:15 | Build | House |
| 20:27 | Build | House |
| 20:38 | Build | Farm |
| 21:00 | Create | Villager (Male) |
| 21:10 | Research | Castle Age |
| 22:29 | Create | Villager (Male) |
| 23:29 | Research | Fletching |
| 23:50 | Age | Castle Age |
| 26:22 | Build | Mining Camp |
| 26:29 | Build | Lumber Camp |
Build order — [KT] The Best
First 150 of 154 actions detected
| 0:57 | Build | House |
| 1:00 | Build | House |
| 1:17 | Create | Villager (Male) |
| 1:17 | Create | Villager (Male) |
| 1:17 | Create | Villager (Male) |
| 1:18 | Create | Villager (Male) |
| 2:32 | Build | House |
| 2:35 | Create | Villager (Male) |
| 2:35 | Create | Villager (Male) |
| 3:01 | Build | Lumber Camp |
| 3:03 | Create | Villager (Male) |
| 3:03 | Create | Villager (Male) |
| 3:11 | Create | Villager (Male) |
| 3:35 | Create | Villager (Male) |
| 3:35 | Create | Villager (Male) |
| 4:08 | Create | Villager (Male) |
| 4:09 | Create | Villager (Male) |
| 4:09 | Create | Villager (Male) |
| 4:51 | Create | Villager (Male) |
| 4:51 | Create | Villager (Male) |
| 4:55 | Build | House |
| 5:32 | Create | Villager (Male) |
| 5:47 | Create | Villager (Male) |
| 6:13 | Build | Mill |
| 6:18 | Create | Villager (Male) |
| 6:19 | Research | Loom |
| 7:17 | Research | Feudal Age |
| 7:38 | Build | Mining Camp |
| 9:27 | Age | Feudal Age |
| 9:30 | Create | Villager (Male) |
| 9:39 | Build | Barracks |
| 9:45 | Build | Watch Tower |
| 9:50 | Research | Double-Bit Axe |
| 10:05 | Create | Villager (Male) |
| 10:05 | Create | Villager (Male) |
| 10:33 | Create | Villager (Male) |
| 10:33 | Create | Villager (Male) |
| 10:33 | Create | Villager (Male) |
| 10:44 | Build | Archery Range |
| 10:53 | Build | House |
| 10:54 | Build | House |
| 10:56 | Build | House |
| 10:58 | Build | House |
| 11:04 | Create | Villager (Male) |
| 11:04 | Create | Villager (Male) |
| 11:22 | Create | Villager (Male) |
| 11:22 | Create | Villager (Male) |
| 11:46 | Create | Archer |
| 11:52 | Build | Archery Range |
| 11:56 | Build | Archery Range |
| 11:59 | Create | Archer |
| 12:00 | Create | Villager (Male) |
| 12:28 | Create | Villager (Male) |
| 12:34 | Build | Farm |
| 12:40 | Build | Farm |
| 12:41 | Build | Farm |
| 12:42 | Create | Villager (Male) |
| 13:04 | Create | Villager (Male) |
| 13:09 | Create | Archer ×5 |
| 13:17 | Create | Villager (Male) |
| 13:22 | Build | House |
| 13:24 | Build | House |
| 13:25 | Build | House |
| 13:29 | Create | Villager (Male) |
| 13:46 | Build | House |
| 13:52 | Build | Blacksmith |
| 13:57 | Create | Archer ×5 |
| 13:57 | Create | Archer ×5 |
| 13:58 | Create | Archer ×2 |
| 13:58 | Create | Archer ×2 |
| 14:44 | Research | Fletching |
| 14:44 | Create | Villager (Male) |
| 14:47 | Research | Padded Archer Armor |
| 14:50 | Create | Archer ×5 |
| 14:50 | Create | Archer ×5 |
| 14:51 | Create | Archer ×3 |
| 15:12 | Create | Villager (Male) |
| 15:28 | Create | Villager (Male) |
| 15:32 | Research | Gold Mining |
| 15:37 | Create | Archer ×3 |
| 15:48 | Create | Archer |
| 15:48 | Create | Archer |
| 15:53 | Create | Villager (Male) |
| 16:02 | Research | Horse Collar |
| 16:03 | Research | Horse Collar |
| 16:08 | Build | Farm |
| 16:11 | Build | Farm |
| 16:13 | Build | Farm |
| 16:17 | Build | Farm |
| 16:18 | Build | Farm |
| 16:19 | Build | Farm |
| 16:21 | Build | Farm |
| 16:22 | Build | Farm |
| 16:24 | Build | Farm |
| 17:01 | Create | Villager (Male) |
| 17:04 | Create | Archer ×4 |
| 17:04 | Create | Archer ×4 |
| 17:05 | Create | Archer |
| 17:42 | Create | Villager (Male) |
| 17:48 | Build | Farm |
| 17:50 | Build | Farm |
| 17:51 | Build | Farm |
| 17:53 | Build | Farm |
| 17:54 | Build | Farm |
| 17:55 | Create | Villager (Male) |
| 17:57 | Build | Farm |
| 18:07 | Create | Archer ×4 |
| 18:07 | Create | Archer ×4 |
| 18:41 | Create | Villager (Male) |
| 18:45 | Build | Farm |
| 18:51 | Create | Villager (Male) |
| 18:55 | Build | Farm |
| 18:56 | Build | Farm |
| 18:57 | Create | Villager (Male) |
| 19:21 | Build | Farm |
| 19:25 | Research | Castle Age |
| 19:25 | Research | Castle Age |
| 19:35 | Build | House |
| 19:36 | Build | House |
| 19:36 | Build | House |
| 19:36 | Build | House |
| 19:37 | Build | House |
| 19:37 | Build | House |
| 19:37 | Build | House |
| 19:38 | Build | House |
| 19:38 | Build | House |
| 20:20 | Create | Archer ×3 |
| 20:21 | Create | Archer ×3 |
| 21:55 | Create | Archer ×5 |
| 21:58 | Create | Villager (Male) |
| 22:05 | Age | Castle Age |
| 22:07 | Build | Mining Camp |
| 22:12 | Research | Crossbowman (upgrade) |
| 22:13 | Research | Thumb Ring |
| 22:19 | Research | Bow Saw |
| 22:20 | Research | Bow Saw |
| 22:20 | Create | Villager (Male) |
| 22:36 | Research | Bodkin Arrow |
| 22:36 | Research | Bodkin Arrow |
| 22:45 | Build | House |
| 22:48 | Create | Villager (Male) |
| 22:57 | Create | Villager (Male) |
| 23:09 | Research | Leather Archer Armor |
| 23:13 | Create | Villager (Male) ×2 |
| 23:21 | Create | Archer ×3 |
| 23:38 | Create | Archer ×3 |
| 23:39 | Create | Villager (Male) |
| 24:12 | Build | University |
| 24:39 | Research | Town Watch |
| 24:40 | Research | Wheelbarrow |
Build order — 曾经沧海难为水
First 150 of 184 actions detected
| 0:07 | Build | House |
| 0:08 | Create | Villager (Male) |
| 0:09 | Create | Villager (Male) |
| 0:09 | Create | Villager (Male) |
| 0:09 | Create | Villager (Male) |
| 0:09 | Create | Villager (Male) |
| 0:11 | Build | House |
| 1:44 | Create | Villager (Male) |
| 1:44 | Create | Villager (Male) |
| 1:45 | Create | Villager (Male) |
| 2:30 | Build | Lumber Camp |
| 2:48 | Create | Villager (Male) |
| 2:49 | Create | Villager (Male) |
| 2:49 | Create | Villager (Male) |
| 3:18 | Create | Villager (Male) |
| 3:18 | Create | Villager (Male) |
| 3:36 | Build | Lumber Camp |
| 3:44 | Build | House |
| 4:15 | Create | Villager (Male) |
| 4:24 | Build | House |
| 4:40 | Build | House |
| 4:54 | Create | Villager (Male) |
| 4:55 | Create | Villager (Male) |
| 4:55 | Create | Villager (Male) |
| 4:55 | Create | Villager (Male) |
| 4:56 | Create | Villager (Male) |
| 5:12 | Build | Mill |
| 5:17 | Build | House |
| 5:38 | Create | Villager (Male) |
| 5:39 | Create | Villager (Male) |
| 6:05 | Create | Villager (Male) |
| 6:05 | Create | Villager (Male) |
| 6:05 | Create | Villager (Male) |
| 7:57 | Build | Mining Camp |
| 7:58 | Create | Villager (Male) |
| 7:58 | Create | Villager (Male) |
| 8:49 | Research | Feudal Age |
| 10:51 | Build | Barracks |
| 10:59 | Age | Feudal Age |
| 11:12 | Build | Market |
| 11:15 | Build | Blacksmith |
| 11:15 | Create | Villager (Male) |
| 11:16 | Create | Villager (Male) |
| 11:32 | Build | Farm |
| 12:14 | Research | Castle Age |
| 12:14 | Research | Castle Age |
| 12:20 | Build | Farm |
| 12:21 | Build | Farm |
| 12:24 | Research | Double-Bit Axe |
| 12:30 | Build | Farm |
| 13:01 | Build | Outpost |
| 13:17 | Build | Stable |
| 13:43 | Build | Farm |
| 13:56 | Build | Stable |
| 14:10 | Research | Gold Mining |
| 14:24 | Build | Farm |
| 14:41 | Research | Loom |
| 14:43 | Create | Villager (Male) |
| 14:53 | Build | Farm |
| 14:54 | Age | Castle Age |
| 14:55 | Create | Knight |
| 15:13 | Create | Knight |
| 15:36 | Create | Knight |
| 15:36 | Create | Knight |
| 15:36 | Create | Knight |
| 15:36 | Create | Knight |
| 15:51 | Build | House |
| 15:52 | Build | House |
| 15:54 | Create | Knight |
| 15:55 | Create | Knight |
| 16:10 | Create | Villager (Male) |
| 16:10 | Create | Villager (Male) |
| 16:35 | Build | Farm |
| 16:37 | Build | Farm |
| 16:45 | Build | House |
| 16:46 | Build | House |
| 16:52 | Build | House |
| 16:59 | Create | Villager (Male) |
| 16:59 | Create | Villager (Male) |
| 17:11 | Build | House |
| 17:12 | Build | House |
| 17:19 | Build | House |
| 17:27 | Build | Town Center |
| 17:36 | Create | Knight |
| 17:36 | Create | Knight |
| 17:36 | Create | Knight |
| 17:37 | Create | Villager (Male) |
| 17:40 | Build | Farm |
| 18:02 | Build | Farm |
| 18:03 | Create | Villager (Male) |
| 18:41 | Create | Villager (Male) |
| 18:41 | Create | Villager (Male) |
| 18:43 | Build | Farm |
| 18:51 | Create | Villager (Male) |
| 18:51 | Create | Villager (Male) |
| 18:51 | Create | Villager (Male) |
| 18:51 | Create | Villager (Male) |
| 18:57 | Build | Farm |
| 19:13 | Create | Villager (Male) |
| 19:13 | Create | Villager (Male) |
| 19:17 | Build | Farm |
| 19:35 | Build | Farm |
| 19:36 | Build | Farm |
| 19:37 | Build | Farm |
| 20:01 | Create | Scout Cavalry |
| 20:04 | Research | Husbandry |
| 20:04 | Research | Husbandry |
| 20:10 | Build | Farm |
| 20:12 | Build | Farm |
| 20:14 | Build | Farm |
| 20:27 | Create | Knight |
| 20:28 | Create | Knight |
| 21:04 | Build | Stable |
| 21:14 | Research | Forging |
| 21:15 | Research | Scale Barding Armor |
| 21:18 | Create | Villager (Male) |
| 21:18 | Create | Villager (Male) |
| 21:24 | Create | Villager (Male) |
| 21:25 | Create | Villager (Male) |
| 22:15 | Build | Farm |
| 22:16 | Create | Villager (Male) |
| 22:28 | Create | Villager (Male) |
| 22:30 | Build | Lumber Camp |
| 22:34 | Create | Knight |
| 22:35 | Create | Knight |
| 22:59 | Create | Knight |
| 22:59 | Create | Knight |
| 23:09 | Create | Knight |
| 23:09 | Create | Knight |
| 23:30 | Create | Villager (Male) |
| 23:30 | Create | Villager (Male) |
| 23:45 | Create | Knight |
| 24:09 | Create | Knight |
| 24:15 | Research | Chain Barding Armor |
| 24:15 | Research | Chain Barding Armor |
| 25:23 | Build | Stable |
| 25:29 | Build | Stable |
| 25:46 | Create | Villager (Male) |
| 25:47 | Create | Villager (Male) |
| 25:47 | Create | Villager (Male) |
| 25:47 | Create | Villager (Male) |
| 25:47 | Create | Villager (Male) |
| 25:48 | Create | Villager (Male) |
| 25:48 | Create | Villager (Male) |
| 26:02 | Build | Stable |
| 26:06 | Build | House |
| 26:08 | Build | Stable |
| 26:10 | Build | Stable |
| 26:24 | Create | Villager (Male) |
| 26:24 | Create | Villager (Male) |
Build order — LowEloTG
First 150 of 243 actions detected
| 0:02 | Create | Villager (Male) |
| 0:03 | Create | Villager (Male) |
| 0:03 | Create | Villager (Male) |
| 0:05 | Build | House |
| 0:05 | Create | Villager (Male) |
| 0:07 | Build | House |
| 0:44 | Build | Barracks |
| 1:20 | Create | Villager (Male) |
| 1:42 | Create | Villager (Male) |
| 2:18 | Create | Villager (Male) |
| 2:40 | Build | House |
| 2:49 | Create | Villager (Male) |
| 3:09 | Create | Villager (Male) |
| 3:12 | Create | Unit 2550 |
| 3:18 | Create | Villager (Male) |
| 3:38 | Create | Villager (Male) |
| 3:54 | Create | Villager (Male) |
| 4:13 | Create | Unit 2550 |
| 4:14 | Create | Villager (Male) |
| 4:18 | Build | House |
| 4:29 | Create | Villager (Male) |
| 4:49 | Create | Unit 2550 |
| 4:50 | Create | Villager (Male) |
| 5:22 | Create | Villager (Male) |
| 5:54 | Create | Villager (Male) |
| 6:03 | Build | Settlement |
| 6:09 | Build | Settlement |
| 6:10 | Create | Villager (Male) |
| 6:19 | Create | Villager (Male) |
| 6:31 | Create | Villager (Male) |
| 6:47 | Create | Villager (Male) |
| 7:25 | Build | Settlement |
| 8:20 | Build | Farm |
| 8:21 | Create | Villager (Male) |
| 8:29 | Research | Loom |
| 9:15 | Research | Feudal Age |
| 9:15 | Research | Feudal Age |
| 9:50 | Build | Farm |
| 9:52 | Build | Farm |
| 9:54 | Build | Farm |
| 10:39 | Build | Palisade Wall |
| 10:40 | Build | Palisade Wall |
| 10:41 | Build | Palisade Wall |
| 10:42 | Build | Palisade Wall |
| 10:42 | Build | Palisade Wall |
| 10:43 | Build | Palisade Wall |
| 10:44 | Build | Palisade Wall |
| 10:46 | Build | Palisade Wall |
| 10:48 | Build | Palisade Wall |
| 10:50 | Build | Palisade Wall |
| 10:52 | Build | Palisade Wall |
| 10:53 | Build | Palisade Wall |
| 10:55 | Build | Palisade Wall |
| 10:56 | Build | Palisade Wall |
| 10:58 | Build | Palisade Wall |
| 11:25 | Age | Feudal Age |
| 11:29 | Create | Villager (Male) |
| 11:35 | Build | Market |
| 11:40 | Build | Blacksmith |
| 11:58 | Create | Villager (Male) |
| 12:01 | Build | Farm |
| 12:16 | Create | Villager (Male) |
| 12:55 | Create | Villager (Male) |
| 13:00 | Research | Castle Age |
| 13:08 | Build | Settlement |
| 13:14 | Build | Settlement |
| 13:15 | Create | Villager (Male) |
| 13:31 | Create | Villager (Male) |
| 14:34 | Create | Villager (Male) |
| 14:56 | Create | Villager (Male) |
| 15:13 | Create | Villager (Male) |
| 15:40 | Age | Castle Age |
| 15:44 | Create | Villager (Male) |
| 15:52 | Build | Castle |
| 15:56 | Create | Villager (Male) |
| 16:00 | Research | Fletching |
| 16:25 | Create | Villager (Male) |
| 16:29 | Build | Farm |
| 16:30 | Build | Farm |
| 16:31 | Research | Double-Bit Axe |
| 16:34 | Research | Horse Collar |
| 16:35 | Create | Villager (Male) |
| 16:48 | Create | Villager (Male) |
| 16:53 | Create | Villager (Male) |
| 17:13 | Build | Town Center |
| 17:16 | Build | Palisade Wall |
| 17:22 | Research | Bow Saw |
| 17:25 | Create | Villager (Male) |
| 17:32 | Build | Farm |
| 17:33 | Build | Farm |
| 17:36 | Build | Farm |
| 17:37 | Build | Farm |
| 17:40 | Create | Villager (Male) |
| 17:46 | Build | Farm |
| 17:48 | Research | Bodkin Arrow |
| 17:51 | Create | Unit 2579 |
| 17:52 | Create | Unit 2579 |
| 17:52 | Create | Villager (Male) |
| 17:56 | Build | University |
| 18:02 | Create | Unit 2579 |
| 18:02 | Create | Unit 2579 |
| 18:03 | Create | Unit 2579 |
| 18:13 | Create | Unit 2579 |
| 18:13 | Create | Unit 2579 |
| 18:19 | Create | Unit 2579 |
| 18:19 | Create | Unit 2579 |
| 18:33 | Create | Unit 2579 |
| 18:33 | Create | Unit 2579 |
| 18:38 | Create | Villager (Male) |
| 18:44 | Create | Villager (Male) |
| 18:47 | Create | Villager (Male) |
| 18:48 | Create | Unit 2579 |
| 18:48 | Create | Unit 2579 |
| 18:57 | Research | Ballistics |
| 18:58 | Create | Unit 2579 |
| 18:59 | Create | Villager (Male) |
| 19:03 | Research | Padded Archer Armor |
| 19:04 | Create | Villager (Male) |
| 19:05 | Create | Unit 2579 |
| 19:05 | Create | Unit 2579 |
| 19:08 | Create | Unit 2579 |
| 19:09 | Create | Unit 2579 |
| 19:28 | Create | Unit 2579 |
| 19:28 | Create | Unit 2579 |
| 19:29 | Create | Villager (Male) |
| 19:30 | Create | Villager (Male) |
| 19:32 | Create | Unit 2579 |
| 19:32 | Create | Unit 2579 |
| 19:40 | Build | Farm |
| 19:46 | Create | Unit 2579 |
| 19:46 | Create | Unit 2579 |
| 20:21 | Create | Villager (Male) |
| 20:24 | Create | Unit 2579 |
| 20:25 | Create | Unit 2579 |
| 20:25 | Create | Unit 2579 |
| 20:26 | Create | Villager (Male) |
| 20:26 | Create | Villager (Male) |
| 20:26 | Create | Villager (Male) |
| 20:27 | Create | Villager (Male) |
| 20:32 | Build | Farm |
| 20:33 | Build | Farm |
| 20:34 | Build | Farm |
| 20:57 | Create | Villager (Male) |
| 20:58 | Create | Villager (Male) |
| 21:02 | Build | Farm |
| 21:03 | Build | Farm |
| 21:40 | Create | Villager (Male) |
| 21:42 | Create | Unit 2579 |
| 21:42 | Create | Unit 2579 |
| 21:48 | Create | Villager (Male) |
Build order — oy
140 actions detected in the replay
| 0:04 | Build | House |
| 0:07 | Build | House |
| 0:09 | Create | Villager (Male) |
| 0:09 | Create | Villager (Male) |
| 0:09 | Create | Villager (Male) |
| 0:09 | Create | Villager (Male) |
| 0:10 | Create | Villager (Male) |
| 1:23 | Create | Villager (Male) |
| 1:23 | Create | Villager (Male) |
| 1:39 | Create | Villager (Male) |
| 1:39 | Create | Villager (Male) |
| 1:54 | Build | Lumber Camp |
| 2:12 | Create | Villager (Male) |
| 2:13 | Create | Villager (Male) |
| 2:39 | Create | Villager (Male) |
| 2:39 | Create | Villager (Male) |
| 3:00 | Create | Villager (Male) |
| 3:00 | Create | Villager (Male) |
| 3:24 | Build | House |
| 3:49 | Create | Villager (Male) |
| 3:49 | Create | Villager (Male) |
| 3:50 | Create | Villager (Male) |
| 3:58 | Build | House |
| 4:14 | Create | Villager (Male) |
| 4:14 | Create | Villager (Male) |
| 4:15 | Create | Villager (Male) |
| 4:15 | Create | Villager (Male) |
| 4:16 | Create | Villager (Male) |
| 4:17 | Create | Villager (Male) |
| 4:24 | Build | Mill |
| 4:25 | Create | Villager (Male) |
| 4:34 | Create | Villager (Male) |
| 4:35 | Create | Villager (Male) |
| 5:01 | Create | Villager (Male) |
| 5:53 | Build | Mill |
| 7:12 | Create | Villager (Male) |
| 7:19 | Build | Mining Camp |
| 7:34 | Research | Feudal Age |
| 8:37 | Create | Villager (Male) |
| 8:37 | Create | Villager (Male) |
| 9:49 | Age | Feudal Age |
| 9:54 | Build | Market |
| 9:57 | Build | Blacksmith |
| 10:34 | Create | Villager (Male) |
| 10:56 | Research | Castle Age |
| 10:56 | Research | Castle Age |
| 11:10 | Build | Mining Camp |
| 12:19 | Research | Loom |
| 12:24 | Build | House |
| 12:51 | Research | Double-Bit Axe |
| 13:44 | Age | Castle Age |
| 13:52 | Create | Villager (Male) |
| 14:26 | Build | Castle |
| 14:28 | Research | Bow Saw |
| 14:30 | Build | House |
| 14:32 | Build | House |
| 15:05 | Create | Villager (Male) |
| 15:06 | Create | Villager (Male) |
| 15:06 | Create | Villager (Male) |
| 17:14 | Create | Mangudai |
| 17:15 | Create | Mangudai |
| 17:15 | Create | Mangudai |
| 17:15 | Create | Mangudai |
| 17:15 | Create | Mangudai |
| 17:16 | Create | Mangudai |
| 17:55 | Create | Mangudai |
| 17:55 | Create | Mangudai |
| 18:12 | Create | Villager (Male) |
| 18:12 | Create | Villager (Male) |
| 18:12 | Create | Villager (Male) |
| 19:23 | Create | Villager (Male) |
| 19:30 | Create | Villager (Male) |
| 19:44 | Create | Villager (Male) |
| 19:47 | Build | Farm |
| 19:49 | Build | Farm |
| 19:50 | Build | Farm |
| 19:52 | Build | Farm |
| 19:52 | Create | Villager (Male) |
| 20:43 | Create | Mangudai |
| 20:48 | Create | Villager (Male) |
| 20:52 | Build | Farm |
| 20:53 | Build | Farm |
| 21:04 | Create | Mangudai |
| 21:05 | Create | Villager (Male) |
| 21:07 | Build | Farm |
| 21:07 | Create | Villager (Male) |
| 21:28 | Create | Mangudai |
| 21:29 | Create | Villager (Male) |
| 21:46 | Create | Mangudai |
| 21:57 | Create | Villager (Male) |
| 22:01 | Research | Fletching |
| 22:01 | Research | Fletching |
| 22:19 | Create | Mangudai |
| 22:20 | Create | Mangudai |
| 22:35 | Research | Horse Collar |
| 22:35 | Research | Horse Collar |
| 23:00 | Create | Villager (Male) |
| 23:03 | Build | Siege Workshop |
| 23:08 | Create | Mangudai |
| 23:26 | Create | Villager (Male) |
| 23:45 | Create | Mangudai |
| 23:46 | Create | Villager (Male) |
| 23:48 | Create | Scorpion |
| 23:53 | Create | Villager (Male) |
| 24:28 | Create | Villager (Male) |
| 24:34 | Build | Farm |
| 24:35 | Build | Farm |
| 24:37 | Build | House |
| 25:08 | Create | Scorpion |
| 25:08 | Create | Scorpion |
| 25:21 | Create | Villager (Male) |
| 25:21 | Create | Villager (Male) |
| 25:27 | Create | Scorpion |
| 25:30 | Create | Mangudai |
| 25:52 | Create | Scorpion |
| 25:52 | Create | Villager (Male) |
| 25:55 | Create | Villager (Male) |
| 26:16 | Create | Villager (Male) |
| 26:19 | Build | House |
| 26:32 | Create | Villager (Male) |
| 26:54 | Create | Scorpion |
| 26:56 | Create | Scorpion |
| 27:01 | Create | Villager (Male) |
| 27:20 | Build | Siege Workshop |
| 27:32 | Create | Villager (Male) |
| 27:36 | Build | House |
| 27:41 | Create | Villager (Male) |
| 27:52 | Create | Mangudai |
| 27:52 | Create | Mangudai |
| 27:52 | Create | Mangudai |
| 28:25 | Create | Villager (Male) |
| 28:46 | Create | Villager (Male) |
| 28:47 | Create | Scorpion |
| 29:15 | Create | Mangudai |
| 29:15 | Create | Mangudai |
| 29:15 | Create | Mangudai |
| 29:15 | Create | Mangudai |
| 29:19 | Create | Villager (Male) |
| 29:28 | Create | Mangudai |
| 29:48 | Research | Padded Archer Armor |
Match timeline
| 0:44 | LowEloTG · first_building Barracks |
| 3:50 | LB $ DONTLAMERPLS · wall_segment Palisade Wall x3 |
| 6:34 | belgawizard · first_building Barracks |
| 7:26 | LB $ DONTLAMERPLS · first_building Barracks |
| 7:58 | Epiphany · first_building Barracks |
| 8:03 | belgawizard · wall_segment Palisade Wall x4 |
| 8:05 | belgawizard · wall_segment Palisade Wall x5 |
| 9:00 | LB $ DONTLAMERPLS · age_up feudal |
| 9:10 | LB $ DONTLAMERPLS · first_building Stable |
| 9:22 | Epiphany · age_up feudal |
| 9:26 | belgawizard · age_up feudal |
| 9:27 | [KT] The Best · age_up feudal |
| 9:28 | belgawizard · first_building Stable |
| 9:39 | Epiphany · first_building Archery Range |
| 9:39 | [KT] The Best · first_building Barracks |
| 9:49 | oy · age_up feudal |
| 9:53 | wts · first_building Barracks |
| 10:39 | LowEloTG · wall_segment Palisade Wall x1 |
| 10:40 | LowEloTG · wall_segment Palisade Wall x1 |
| 10:41 | LowEloTG · wall_segment Palisade Wall x1 |
| 10:42 | LowEloTG · wall_segment Palisade Wall x1 |
| 10:42 | LowEloTG · wall_segment Palisade Wall x1 |
| 10:43 | LowEloTG · wall_segment Palisade Wall x1 |
| 10:44 | [KT] The Best · first_building Archery Range |
| 10:44 | LowEloTG · wall_segment Palisade Wall x1 |
| 10:46 | LowEloTG · wall_segment Palisade Wall x1 |
| 10:48 | LowEloTG · wall_segment Palisade Wall x1 |
| 10:50 | LowEloTG · wall_segment Palisade Wall x1 |
| 10:51 | 曾经沧海难为水 · first_building Barracks |
| 10:52 | LowEloTG · wall_segment Palisade Wall x1 |
| 10:53 | LowEloTG · wall_segment Palisade Wall x1 |
| 10:55 | LowEloTG · wall_segment Palisade Wall x1 |
| 10:56 | LowEloTG · wall_segment Palisade Wall x1 |
| 10:57 | wts · wall_segment Palisade Wall x1 |
| 10:58 | LowEloTG · wall_segment Palisade Wall x1 |
| 10:59 | wts · wall_segment Palisade Wall x1 |
| 10:59 | 曾经沧海难为水 · age_up feudal |
| 11:00 | wts · wall_segment Palisade Wall x1 |
| 11:01 | wts · wall_segment Palisade Wall x1 |
| 11:02 | wts · wall_segment Palisade Wall x1 |
| 11:02 | wts · age_up feudal |
| 11:13 | wts · wall_segment Palisade Wall x1 |
| 11:25 | LowEloTG · age_up feudal |
| 12:34 | LowEloTG · first_market_sell 100 wood |
| 12:36 | LowEloTG · first_market_buy 100 food |
| 13:17 | 曾经沧海难为水 · first_building Stable |
| 13:44 | oy · age_up castle |
| 14:26 | oy · first_building Castle |
| 14:54 | 曾经沧海难为水 · age_up castle |
| 15:25 | wts · wall_segment Palisade Wall x17 |
| 15:33 | 曾经沧海难为水 · first_market_buy 100 food |
| 15:40 | LowEloTG · age_up castle |
| 15:52 | LowEloTG · first_building Castle |
| 16:30 | Epiphany · first_market_sell 100 wood |
| 16:31 | Epiphany · first_market_buy 100 food |
| 17:11 | Epiphany · wall_segment Palisade Wall x1 |
| 17:13 | Epiphany · wall_segment Palisade Wall x1 |
| 17:16 | LowEloTG · wall_segment Palisade Wall x1 |
| 17:34 | oy · first_market_sell 100 wood |
| 18:00 | wts · wall_segment Palisade Wall x9 |
| 18:10 | belgawizard · age_up castle |
| 18:50 | LB $ DONTLAMERPLS · age_up castle |
| 19:07 | wts · first_building Archery Range |
| 19:18 | Epiphany · age_up castle |
| 21:04 | wts · first_market_buy 100 food |
| 22:05 | [KT] The Best · age_up castle |
| 23:03 | oy · first_building Siege Workshop |
| 23:50 | wts · age_up castle |
| 26:30 | 曾经沧海难为水 · first_market_sell 100 wood |
| 26:50 | belgawizard · first_building Monastery |
| 26:50 | Epiphany · first_building Castle |
| 27:53 | Epiphany · resign |
| 28:54 | belgawizard · first_building Castle |
| 29:27 | [KT] The Best · first_building Monastery |
[ AI ANALYSIS · 1 CREDIT ]
What really happened in this match?
Wolo.gg analyzes every decision: build order, eco, micro, common mistakes by bracket. Personalized analysis on WhatsApp or Discord in 30 seconds.
Civ guide
Franks
Perfil
Jugador #2220399